 Dungeon Crawl Stone Soup version 0.19.5 (webtiles) character file.

9506 Barra the Cleaver (level 11, -6/100 HPs)
             Began as a Minotaur Berserker on Mar 28, 2017.
             Was a High Priest of Trog.
             Mangled by an eight-headed hydra (10 damage)
             ... on level 2 of the Lair of Beasts.
             The game lasted 00:31:40 (9715 turns).

Barra the Cleaver (Minotaur Berserker)              Turns: 9715, Time: 00:31:41

Health: -6/100     AC: 11    Str: 25    XL:     11   Next: 23%
Magic:  10/10      EV: 13    Int:  4    God:    Trog [*****.]
Gold:   576        SH:  0    Dex: 10    Spells: 0 memorised, 10 levels left

rFire  . . .     SeeInvis .     N - +2 demon trident (venom)
rCold  . . .     Gourm    +     t - +1 scale mail
rNeg   . . .     Faith    .     (no shield)
rPois  +         Spirit   .     (helmet restricted)
rElec  .         Reflect  .     w - +0 cloak
rCorr  .         Harm     .     (no gloves)
MR     ++...                    (no boots)
Stlth  ..........               H - amulet of the gourmand
                                h - ring of poison resistance
                                j - ring of poison resistance

@: very slightly contaminated, regenerating, invisible
A: retaliatory headbutt, horns 2
a: Berserk, Trog's Hand, Brothers in Arms, Burn Spellbooks, Renounce Religion


You were on level 2 of the Lair of Beasts.
You worshipped Trog.
Trog was extremely pleased with you.
You were very full.

You visited 3 branches of the dungeon, and saw 13 of its levels.
You also visited: Sewer.

You collected 576 gold pieces.

Inventory:

Hand Weapons
 a - a +1 hand axe
 N - a +2 demon trident of venom (weapon)
Missiles
 Q - 3 silver tomahawks (quivered)
Armour
 t - a +1 scale mail (worn)
 w - a +0 cloak (worn)
 A - a +0 cloak
 O - a +2 scale mail of cold resistance
 P - a +0 plate armour
Jewellery
 h - a ring of poison resistance (right hand)
 j - a ring of poison resistance (left hand)
 C - an uncursed ring of protection from cold {unknown}
 H - an amulet of the gourmand (around neck)
 M - an uncursed ring of ice {unknown}
Wands
 f - a wand of confusion (28/48)
 i - a wand of confusion (21/48)
 m - a wand of digging (10/24)
 p - a wand of lightning (13/15)
 q - a wand of lightning (10/15)
 v - a wand of confusion (34/48)
 y - a wand of lightning (8/15)
 D - a wand of digging (14/24)
 I - a wand of polymorph (5/24)
 L - a wand of lightning (8/15)
Scrolls
 b - 2 scrolls of remove curse
 r - 7 scrolls of teleportation
 u - a scroll of fear
 E - a scroll of magic mapping
 K - 2 scrolls of silence
 R - a scroll of enchant armour
Potions
 e - 5 potions of curing
 l - 2 potions of ambrosia
 s - a potion of invisibility
 z - a potion of cancellation {unknown}
 B - a potion of degeneration {unknown}
 F - a potion of might
 G - 3 potions of berserk rage
 J - a potion of brilliance {unknown}
Comestibles
 c - 5 bread rations
 d - 6 fruits
 k - 10 meat rations
 n - a chunk of flesh
 o - 10 royal jellies
 x - a slice of pizza


   Skills:
 + Level 10.2 Fighting
 + Level 13.6 Axes
 + Level 2.0(9.2) Polearms
 + Level 0.8 Throwing
 + Level 10.8 Armour
 + Level 6.6 Dodging


You had 10 spell levels left.
You didn't know any spells.

Dungeon Overview and Level Annotations

Branches:
Dungeon (8/15)             Temple (1/1) D:4            Lair (4/6) D:8
  Swamp: Lair:2-4    Shoals: Lair:2-4     Snake: Lair:2-4    Spider: Lair:2-4

Altars:
Ashenzari
Cheibriados
Dithmenos
Elyvilon
Gozag
Hepliaklqana
Kikubaaqudgha
Makhleb
Nemelex Xobeh
Okawaru
Qazlal
Ru
Sif Muna
Trog
Uskayaw
Vehumet
Xom
Yredelemnul
Zin
The Shining One


Innate Abilities, Weirdness & Mutations

You reflexively headbutt those who attack you in melee.
You have a pair of horns on your head.


Message History

The eight-headed hydra bites you.
* * * LOW HITPOINT WARNING * * *
The eight-headed hydra misses you. The eight-headed hydra bites you!
* * * LOW HITPOINT WARNING * * *
The eight-headed hydra bites you.
* * * LOW HITPOINT WARNING * * *
Your skin crawls.
You feel resistant to hostile enchantments.
The eight-headed hydra bites you but does no damage.
The eight-headed hydra closely misses you.
The eight-headed hydra barely misses you.
The eight-headed hydra completely misses you.
The eight-headed hydra closely misses you. x2
The eight-headed hydra bites you but does no damage.
The eight-headed hydra closely misses you.
The eight-headed hydra closely misses you.
The eight-headed hydra bites you!
* * * LOW HITPOINT WARNING * * *
The eight-headed hydra bites you!
You die...

### #.### #...##
##....## ###
#.@...P#####.###
#..D###..........####
#....#
#P..........#.#
#....#
##.............
#..(.# #.#...##......
##.(## ##............
#(# .............. #.
...#.##.....#..
.......##....##


You could see an eight-headed hydra.

Vanquished Creatures
  The ghost of Dumah the Fighter, a novice DsAK of Lugonu (Lair:1)
  Urug (Lair:2)
  A black mamba (Lair:2)
  Joseph (D:7)
  2 spiny frogs (Lair:1)
  3 hippogriffs
  A two-headed ogre (D:8)
  11 yaks
  A hungry ghost (D:8)
  3 water moccasins
  3 porcupines
  Purgy (Sewer)
  A sky beast (D:7)
  An orc warrior (D:8)
  3 ice beasts
  3 ogres
  7 wolves (Lair:1)
  6 centaurs
  3 crocodiles
  A big kobold (D:7)
  A bullfrog (Lair:1)
  A scorpion (D:7)
  5 killer bees (D:5)
  3 howler monkeys
  A bullfrog zombie (D:5)
  2 crimson imps
  4 jellies
  A bullfrog skeleton (D:6)
  Crazy Yiuf (D:5)
  4 orc priests
  A centaur skeleton (D:5)
  2 hounds
  2 iguanas (D:7)
  A gnoll shaman (D:5)
  Ijyb (D:2)
  4 orc wizards
  7 worker ants
  A killer bee zombie (D:8)
  A worker ant zombie (D:8)
  8 gnolls
  4 adders
  5 oozes (D:8)
  An adder zombie (D:7)
  2 worms
  3 dart slugs
  8 leopard geckos
  12 orcs
  9 bats
  2 giant cockroaches
  16 goblins
  4 hobgoblins
  4 jackals
  13 kobolds
  3 quokkas
  2 ball pythons
  7 frilled lizards
  A goblin skeleton (D:4)
  2 goblin zombies (D:4)
  3 hobgoblin zombies (D:4)
  3 jackal skeletons
  A kobold zombie (D:4)
  A leopard gecko zombie (D:6)
  3 orc skeletons (D:4)
  3 quokka skeletons
  8 rats
225 creatures vanquished.

Vanquished Creatures (collateral kills)
  A hydra (Lair:1)
1 creature vanquished.

Vanquished Creatures (others)
  A fungus (Lair:1)
1 creature vanquished.

Grand Total: 227 creatures vanquished

Notes
Turn   | Place    | Note
-------+----------+-------------------------------------------
     0 | D:1      | Barra the Minotaur Berserker began the quest for the Orb.
     0 | D:1      | Reached XP level 1. HP: 19/19 MP: 0/0
   156 | D:1      | Reached skill level 4 in Axes
   195 | D:1      | Reached XP level 2. HP: 25/27 MP: 1/1
   317 | D:1      | Reached ** piety under Trog
   595 | D:2      | Noticed Ijyb
   610 | D:2      | Killed Ijyb
   610 | D:2      | Reached XP level 3. HP: 19/34 MP: 2/2
  1043 | D:2      | Found a hazy altar of Hepliaklqana.
  1201 | D:2      | Reached XP level 4. HP: 32/41 MP: 3/3
  1526 | D:3      | Reached skill level 5 in Axes
  1575 | D:3      | Reached skill level 5 in Fighting
  1575 | D:3      | Reached XP level 5. HP: 31/48 MP: 4/4
  1758 | D:3      | Reached *** piety under Trog
  2123 | D:4      | Found a staircase to the Ecumenical Temple.
  2135 | Temple   | Entered the Ecumenical Temple
  2285 | D:4      | Found a shattered altar of Ashenzari.
  2365 | D:4      | Found a shadowy altar of Dithmenos.
  2367 | D:4      | Noticed an ogre
  2374 | D:4      | Killed an ogre
  2374 | D:4      | Reached skill level 6 in Axes
  2374 | D:4      | Reached XP level 6. HP: 30/56 MP: 5/5
  2547 | D:4      | Found a glowing golden altar of the Shining One.
  2920 | D:5      | Entered Level 5 of the Dungeon
  3046 | D:5      | Reached skill level 5 in Armour
  3056 | D:5      | Reached XP level 7. HP: 19/61 MP: 6/6
  3330 | D:5      | Reached skill level 7 in Axes
  3628 | D:5      | Found a glowing drain.
  3659 | Sewer    | Entered a sewer
  3752 | Sewer    | Noticed Purgy
  3769 | Sewer    | Killed Purgy
  3769 | Sewer    | Reached **** piety under Trog
  3875 | D:5      | Reached XP level 8. HP: 58/70 MP: 7/7
  3893 | D:5      | Reached skill level 8 in Axes
  4177 | D:5      | Found a runed door.
  4270 | D:5      | Noticed Crazy Yiuf
  4279 | D:5      | Killed Crazy Yiuf
  4675 | D:6      | Found a deep blue altar of Sif Muna.
  4679 | D:6      | Found an ancient bone altar of Kikubaaqudgha.
  4682 | D:6      | Found a white marble altar of Elyvilon.
  5292 | D:7      | Reached skill level 9 in Axes
  5562 | D:7      | Noticed Joseph
  5571 | D:7      | Killed Joseph
  5571 | D:7      | Reached XP level 9. HP: 59/79 MP: 8/8
  5632 | D:7      | Reached skill level 10 in Axes
  6247 | D:8      | Found a staircase to the Lair.
  6259 | D:8      | Reached skill level 5 in Dodging
  6417 | D:8      | Reached ***** piety under Trog
  6470 | D:8      | Reached skill level 11 in Axes
  7223 | Lair:1   | Entered Level 1 of the Lair of Beasts
  7241 | Lair:1   | Reached XP level 10. HP: 81/90 MP: 9/9
  7311 | Lair:1   | Noticed a spiny frog
  7317 | Lair:1   | Killed a spiny frog
  7333 | Lair:1   | Noticed Dumah's ghost (novice DsAK)
  7349 | Lair:1   | Killed Dumah's ghost
  7349 | Lair:1   | Reached skill level 12 in Axes
  7650 | Lair:1   | Noticed a spiny frog
  7668 | Lair:1   | Killed a spiny frog
  8218 | Lair:1   | Noticed a six-headed hydra
  8223 | Lair:1   | Killed a six-headed hydra
  8223 | Lair:1   | Reached skill level 13 in Axes
  8274 | Lair:1   | Reached skill level 10 in Armour
  8476 | Lair:1   | Reached skill level 10 in Fighting
  8540 | Lair:2   | Noticed a black mamba
  8557 | Lair:2   | Killed a black mamba
  8557 | Lair:2   | Reached XP level 11. HP: 11/99 MP: 10/10
  9079 | Lair:2   | Noticed Urug
  9100 | Lair:2   | Killed Urug
  9276 | Lair:2   | You fall through a shaft for 2 floors!
  9409 | Lair:2   | Reached skill level 1 in Polearms
  9705 | Lair:2   | Noticed an eight-headed hydra
  9715 | Lair:2   | HP: 4/100 [eight-headed hydra (9)]
  9715 | Lair:2   | Mangled by an eight-headed hydra

Skill      XL: |  1  2  3  4  5  6  7  8  9 10 11 |
---------------+----------------------------------+-----
Axes           | 4 5 6 7 9 11 13 | 13.6
Fighting       | 4 5 7 8 10 | 10.2
Armour         | 3 4 5 6 7 9 10 | 10.8
Dodging        | 3 4 5 6 |  6.6
Polearms       | 2 |  2.0
Throwing       | |  0.8

Action                   |  1- 3 |  4- 6 |  7- 9 | 10-12 || total
-------------------------+-------+-------+-------+-------++-------
Melee: Hand axe          |    65 |   111 |   358 |   139 ||   673
       Headbutt          |     8 |    21 |    73 |    39 ||   141
       Demon trident     |       |       |       |    39 ||    39
Throw: Tomahawk          |       |       |     3 |     3 ||     6
Invok: Berserk           |       |       |     2 |     3 ||     5
       Brothers in Arms  |       |       |       |     1 ||     1
       Trog's Hand       |       |       |       |     1 ||     1
Evoke: Wand              |       |       |       |     1 ||     1
  Use: Scroll            |     5 |     7 |    11 |     7 ||    30
       Potion            |       |       |     2 |     4 ||     6
 Stab: Invisible         |       |       |       |     1 ||     1
  Eat: Chunk             |       |     5 |    14 |    11 ||    30
       Bread ration      |       |     1 |       |       ||     1
       Beef jerky        |       |       |     2 |       ||     2
       Pizza             |       |       |     1 |       ||     1
       Royal jelly       |       |       |     1 |       ||     1
Armor: Ring mail         |    14 |     2 |       |       ||    16
       Animal skin       |     2 |       |       |       ||     2
       Scale mail        |       |    45 |   116 |    60 ||   221
Dodge: Dodged            |    47 |    64 |   193 |   100 ||   404
